 Dungeon Crawl Stone Soup version 0.28-a0-519-gbfeecf2fc5 (webtiles) character file.

Game seed: 15324423397897905080

7 serber55 the Skirmisher (level 1, 0/18 HPs)
             Began as a Demonspawn Abyssal Knight on Sept 23, 2021.
             Was an Initiate of Lugonu.
             Slain by a kobold (3 damage)
             ... on level 1 of the Dungeon.
             The game lasted 00:01:08 (530 turns).

serber55 the Skirmisher (Demonspawn Abyssal Knight)  Turns: 530, Time: 00:01:08

Health: 0/18       AC:  3    Str: 13    XL:     1   Next: 91%
Magic:  2/2        EV: 11    Int: 11    God:    Lugonu [......]
Gold:   7          SH:  0    Dex: 13    Spells: 0/0 levels left

rFire   . . .      SeeInvis .   a - +1 falchion
rCold   . . .      Faith    .   (no shield)
rNeg    . . .      Spirit   .   b - +0 leather armour
rPois   .          Reflect  .   (no helmet)
rElec   .          Harm     .   (no cloak)
rCorr   .          Rampage  .   (no gloves)
Will    .....                   (no boots)
Stlth   +.........              (no amulet)
HPRegen 0.06/turn               (no ring)
MPRegen 0.08/turn               (no ring)

@: no status effects
A: no striking features
a: Renounce Religion


You were on level 1 of the Dungeon.
You worshipped Lugonu.
Lugonu was noncommittal.
You visited 1 branch of the dungeon, and saw 1 of its levels.
You visited the Abyss 1 time.

You collected 7 gold pieces.

Inventory:

Hand Weapons
 a - a +1 falchion (weapon)
Armour
 b - a +0 leather armour (worn)


   Skills:
 + Level 3.1 Fighting
 * Level 2.0 Long Blades
 - Level 1.7 Armour
 + Level 1.1 Dodging
 + Level 2.6 Invocations


You couldn't memorise any spells.
You didn't know any spells.
Your spell library was empty.

Dungeon Overview and Level Annotations

Branches:
Dungeon (1/15)

Altars:


Message History

A hobgoblin comes into view.
The kobold shouts!
The hobgoblin shouts!
You hear a shout!
Found a helmet.
The hobgoblin closely misses you.
You hit the hobgoblin.
You kill the hobgoblin!
Lugonu accepts your kill.
You hit the kobold but do no damage.
The kobold hits you with a +0 short sword of freezing.
The kobold freezes you.
You closely miss the kobold.
The kobold hits you with a +0 short sword of freezing.
The kobold freezes you.
You barely miss the kobold. The kobold closely misses you. x2
You closely miss the kobold.
The kobold hits you with a +0 short sword of freezing.
The kobold freezes you.
You hit the kobold but do no damage.
The kobold hits you with a +0 short sword of freezing.
The kobold freezes you. The rat bites you but does no damage.
You see here a +0 club.
You hit the rat.
You kill the rat!
Lugonu accepts your kill.
Things that are here:
a +0 dagger; a +0 dagger; a kobold skeleton
There are monsters nearby!
You hit the kobold but do no damage.
The kobold hits you with a +0 short sword of freezing.
The kobold freezes you.
* * * LOW HITPOINT WARNING * * *
You hit the kobold but do no damage. The kobold closely misses you.
The kobold hits you with a +0 short sword of freezing.
* * * LOW HITPOINT WARNING * * *
The kobold freezes you.
* * * LOW HITPOINT WARNING * * *
You barely miss the kobold.
The kobold hits you with a +0 short sword of freezing.
You die...

........# #...#...#.##
........# ##.##.#
........# #.##.#
........# ##.##.#
........# #...#.#
####....# #.⌠.'.#
##....g## #...#.#
...#.#..#############.#
#..g.##...##).gK@.....#
........#....##########
##...#.....###
##..##....# #..##....#
...###.... ..# ......
.####..# .. ...


You could see a hobgoblin and a kobold.

Vanquished Creatures
  A goblin (D:1)
  A hobgoblin (D:1)
  2 quokkas (D:1)
  2 kobolds (D:1)
  A rat (D:1)
7 creatures vanquished.

Notes
Turn   | Place    | Note
-------+----------+-------------------------------------------
     0 | Abyss:1  | serber55 the Demonspawn Abyssal Knight began the quest for
                  | the Orb.
     0 | Abyss:1  | Reached XP level 1. HP: 18/18 MP: 2/2
    39 | Abyss:1  | Found a corrupted altar of Lugonu.
    99 | Abyss:1  | Noticed a worldbinder
   100 | D:1      | Escaped the Abyss
   184 | D:1      | Reached skill level 1 in Dodging
   530 | D:1      | Slain by a kobold

Illustrated notes

Levels and vault maps discovered:
D:1:      minmay_arrival_nine_rooms, layout_rooms

Skill      XL: |  1 |
---------------+----+-----
Dodging        | 1 |  1.1
Long Blades    | 2 |  2.0
Fighting       | |  3.1
Armour         | |  1.7
Invocations    | |  2.6

Action                   || total
-------------------------++-------
Melee: Falchion          ||    26
Invok: Depart the Abyss  ||     1
  Use: Scroll            ||     1
Armor: Leather armour    ||     4
Dodge: Dodged            ||    11

Table legend: (Time is in decaauts)
 A = Elapsed time spent in this place.
 B = Non-inter-level travel time spent in this place.
 C = Inter-level travel time spent in this place.
 D = Time resting spent in this place.
 E = Time spent auto-exploring this place.
 F = Levels seen in this place.
 G = Mean time per level.
                   A        B        C        D        E       F      G
               +--------+--------+--------+--------+--------+-----+--------+
         Total |    534 |    534 |      0 |    284 |    174 |   2 |  267.0 |
       Dungeon |    434 |    434 |      0 |    284 |     77 |   1 |  434.0 |
         Abyss |    100 |    100 |      0 |      0 |     97 |   1 |  100.0 |
               +--------+--------+--------+--------+--------+-----+--------+

Top non-repeatable levels by time:
     D:1: 434 daAuts
 Abyss:1: 100 daAuts
